 Dungeon Crawl Stone Soup version 0.29.1-2-gbd0b4ee654 (webtiles) character file.

Game seed: 15993879859584225873

95 MaxHasHax6295 the Shooter (level 4, -2/27 HPs)
             Began as a Gargoyle Hunter on Nov 1, 2022.
             Killed from afar by Natasha (3 damage)
             ... with a magic dart
             ... on level 3 of the Dungeon.
             The game lasted 00:06:57 (2308 turns).

MaxHasHax6295 the Shooter (Gargoyle Hunter)         Turns: 2308, Time: 00:06:57

Health: -2/27      AC:  7    Str: 14    XL:     4   Next: 65%
Magic:  4/4        EV: 11    Int: 10    God:
Gold:   119        SH:  0    Dex: 15    Spells: 3/3 levels left

rFire   . . .      SeeInvis .   a - +1 shortbow
rCold   . . .      Faith    .   (shield currently unavailable)
rNeg    + . .      Spirit   .   c - +0 leather armour
rPois   ∞          Reflect  .   (no helmet)
rElec   +          Harm     .   (no cloak)
rCorr   .          Rampage  .   g - +0 pair of gloves
Will    +....                   (no boots)
Stlth   ++........              (no amulet)
HPRegen 0.09/turn               e - ring of willpower
MPRegen 0.09/turn               (no ring)

@: mighty, invisible
A: sickness immunity, AC +3, negative energy resistance 1, electricity
resistance, torment resistance 1, petrification resistance
a: no special abilities


You were on level 3 of the Dungeon.
You visited 1 branch of the dungeon, and saw 3 of its levels.

You collected 119 gold pieces.

Inventory:

Hand Weapons
 a - a +1 shortbow (weapon)
Armour
 c - a +0 leather armour (worn)
 g - a +0 pair of gloves (worn)
Magical Staves
 m - a staff of poison
Jewellery
 e - a ring of willpower (left hand)
 k - a ring of protection from cold
Scrolls
 b - 2 scrolls of immolation
 f - 2 scrolls of poison
 j - a scroll of identify
 l - a scroll of torment {unknown}
 q - a scroll of magic mapping
Potions
 i - a potion of haste {unknown}
 n - a potion of flight {unknown}
 o - a potion of cancellation {unknown}
 p - a potion of lignification
 t - a potion of degeneration {unknown}


   Skills:
 + Level 2.3 Fighting
 * Level 5.6 Ranged Weapons
 + Level 1.0 Armour
 + Level 1.6 Dodging
 + Level 1.2 Stealth


You had 3 spell levels left.
You didn't know any spells.
Your spell library contained the following spells:

 Spells                   Type           Power      Damage    Failure   Level
 Apportation              Tloc           0%         N/A       43%         1
 Foxfire                  Conj/Fire      0%         2x1d4     43%         1
 Summon Small Mammal      Summ           0%         N/A       43%         1
 Ensorcelled Hibernation  Hex/Ice        0%         N/A       56%         2
 Passwall                 Tmut/Erth      0%         N/A       56%         2
 Call Canine Familiar     Summ           0%         N/A       80%         3
 Conjure Flame            Conj/Fire      0%         6-21      80%         3
 Inner Flame              Hex/Fire       0%         N/A       80%         3
 Summon Guardian Golem    Hex/Summ       0%         N/A       80%         3
 Swiftness                Air            0%         N/A       80%         3
 Flame Wave               Conj/Fire      0%         2d4       99%         4
 Summon Lightning Spire   Summ/Air       0%         N/A       99%         4
 Alistair's Intoxication  Tmut/Pois      0%         N/A       100%        5
 Storm Form               Tmut/Air       0%         N/A       100%        7
 Maxwell's Capacitive Co  Air            0%         ∞         100%        8


Dungeon Overview and Level Annotations

Branches:
Dungeon (3/15)

Altars:

Annotations:
D:3 Natasha


Innate Abilities, Weirdness & Mutations

You are immune to sickness and miasma.
Your stone body is resilient. (AC +3)
You are immune to poison.
You resist negative energy. (rN+)
You are resistant to electric shocks. (rElec)
You are resistant to unholy torment.
You are immune to petrification.


Message History

Natasha claws you.
* * * LOW HITPOINT WARNING * * *
Fire: a) +0 shortbow
Press: ? - help, Q - select action Shift-Dir - straight line, f/p - Natasha
Aim: Natasha (heavily wounded, 55% to hit)
You shoot an arrow. The arrow hits Natasha.
Natasha is severely wounded.
The white imp barely misses you.
The crimson imp lashes its tail.
The crimson imp hits you but does no damage.
Natasha closely misses you.
You feel better. The white imp gestures at you. The puff of frost misses you.
The crimson imp hits you.
Natasha wildly gestures.
You feel disoriented. Natasha claws you!
As you read the scroll labelled DISUYR QORUN, it crumbles to dust.
It is a scroll of enchant weapon.
Your +0 shortbow glows red for a moment.
The white imp gestures at you. The puff of frost hits you!
* * * LOW HITPOINT WARNING * * *
The crimson imp hits you but does no damage.
Natasha barely misses you.
It was a potion of invisibility.
You fade into invisibility!
The white imp shouts, "Back with thee, thou skyhacking doghearted erk!"
The white imp misses you.
The crimson imp hits you but does no damage.
Natasha claws you but does no damage.
It was a potion of might.
You feel very mighty all of a sudden. The white imp gestures at you.
The puff of frost hits you.
* * * LOW HITPOINT WARNING * * *
The crimson imp misses you. Natasha claws you but does no damage.
Natasha stares at you and mumbles some strange words.
The magic dart hits you.
You die...

...... ./... .... ...
..## .5## #######
####h.#####. #.....#
#..@55...... ..#
#.....####.######.##.
#.. #####......#...#
... ....[......#.###
## #.# ...........#.#
#. #.###
.........#.#.#### #.
#...
.........#......#
###.#####.###.
###......#......#
#.............
)........#......##
#........<##..


You could see Natasha, 2 crimson imps and a white imp (summoned, unable to see
you).

Vanquished Creatures
  Natasha (D:3)
  3 adders (D:2)
  A dart slug (D:1)
  4 ball pythons (D:1)
  4 bats
  2 endoplasms (D:1)
  A giant cockroach (D:2)
  7 goblins
  5 hobgoblins
  4 jackals (D:1)
  5 frilled lizards
  A kobold (D:1)
  3 rats
41 creatures vanquished.

Notes
Turn   | Place    | Note
-------+----------+-------------------------------------------
     0 | D:1      | MaxHasHax6295 the Gargoyle Hunter began the quest for the
                  | Orb.
     0 | D:1      | Reached XP level 1. HP: 12/12 MP: 1/1
   186 | D:1      | Reached XP level 2. HP: 17/17 MP: 2/2
   504 | D:1      | Found a faded altar of an unknown god.
   883 | D:1      | Reached XP level 3. HP: 20/21 MP: 3/3
  1151 | D:1      | Reached skill level 5 in Ranged Weapons
  1617 | D:2      | Reached skill level 1 in Armour
  1617 | D:2      | Reached XP level 4. HP: 23/26 MP: 4/4
  1825 | D:2      | Identified the +5 dagger of Annihilation {pain, +Blink
                  | rElec Will++ Str-2}
  2039 | D:3      | Noticed Natasha
  2048 | D:3      | Killed Natasha
  2292 | D:3      | Noticed Natasha
  2307 | D:3      | HP: 1/27 [white imp/puff of frost[Natasha] (2)]
  2308 | D:3      | Killed from afar by Natasha

Illustrated notes

Levels and vault maps discovered:
D:1:      dpeg_arrival_round_c, layout_basic, shapermc_ecumenical_altar_ellora
D:2:      layout_loops_ring
D:3:      layout_basic, evilmike_ruin_ashenzari, bh_walls_and_bars, uniq_natasha

Skill      XL: |  1  2  3 |
---------------+----------+-----
Ranged Weapons | 5 |  5.6
Armour         | 1 |  1.0
Fighting       | |  2.3
Dodging        | |  1.6
Stealth        | |  1.2

Action                   |  1- 3 |  4- 6 || total
-------------------------+-------+-------++-------
 Fire: Shortbow          |    94 |    26 ||   120
  Use: Scroll            |       |     5 ||     5
       Potion            |       |     3 ||     3
Armor: Leather armour    |    16 |     8 ||    24
Dodge: Dodged            |    35 |    16 ||    51
